 Dungeon Crawl Stone Soup version 0.27-a0-1177-g245c70e1c0 (webtiles) character file.

Game seed: 12024029242168941264

188 bilbop the Magician (level 6, -1/43 HPs)
             Began as a Djinni Venom Mage on May 17, 2021.
             Slain by a centaur (3 damage)
             ... on level 4 of the Dungeon.
             The game lasted 00:18:31 (5060 turns).

bilbop the Magician (Djinni Venom Mage)             Turns: 5060, Time: 00:18:31

Health: -1/43      AC:  3    Str:  7    XL:     6   Next: 0%
Gold:   151        EV: 11    Int: 17    God:
                   SH:  0    Dex: 15

rFire    + + .     SeeInvis .   c - +0 dagger
rCold    x . .     Faith    .   (no shield)
rNeg     . . .     Spirit   .   d - +0 leather armour
rPois    ∞         Reflect  .   (no helmet)
rElec    .         Harm     .   (no cloak)
rCorr    .         Rampage  .   (no gloves)
Will     .....                  (boots unavailable)
Stlth    ++........             (no amulet)
HPRegen  0.14/turn              (no ring)
MPRegen  0.00/turn              (no ring)

@: flying, very slightly contaminated
A: sickness immunity, fire resistance 2, cold vulnerability 1, float, innate
caster, hp casting, extra vitality 1
a: no special abilities


You were on level 4 of the Dungeon.
You visited 1 branch of the dungeon, and saw 4 of its levels.

You collected 151 gold pieces.

Inventory:

Hand Weapons
 c - a +0 dagger (weapon)
Armour
 a - a +0 robe
 b - a +0 kite shield
 d - a +0 leather armour (worn)
Scrolls
 h - 3 scrolls of identify {unknown}
 j - 2 scrolls of fog {unknown}
 k - 2 scrolls of teleportation {unknown}
 m - a scroll of noise {unknown}
Potions
 e - a potion of might {unknown}
 f - a potion of attraction {unknown}
 g - a potion of heal wounds {unknown}
 i - 2 potions of brilliance {unknown}
 l - a potion of lignification {unknown}
 n - 2 potions of invisibility {unknown}
 o - a potion of haste {unknown}


   Skills:
 + Level 1.7 Fighting
 + Level 1.2 Short Blades
 - Level 2.1 Dodging
 + Level 2.3 Stealth
 + Level 1.5 Shields
 * Level 3.4 Spellcasting
 + Level 1.5 Invocations


You couldn't memorise any spells.
You knew the following spells:

 Your Spells              Type           Power      Damage    Failure   Level
a - Sting                 Tmut/Pois      56%        1d5       6%          1
b - Poisonous Vapours     Pois/Air       28%        N/A       10%         2
c - Mephitic Cloud        Conj/Pois/Air  14%        N/A       19%         3
d - Ignite Poison         Fire/Tmut/Pois 14%        N/A       19%         3
e - Olgreb's Toxic Radia  Pois           14%        N/A       52%         4
f - Freeze                Ice            56%        1d7       6%          1
g - Searing Ray           Conj           28%        3d4       10%         2
Your spell library was empty.

Dungeon Overview and Level Annotations

Branches:
Dungeon (4/15)
 Temple: D:4-7

Altars:
Gozag
Kikubaaqudgha
Okawaru
Ru
Trog
Uskayaw
Wu Jian
Xom


Innate Abilities, Weirdness & Mutations

You are immune to sickness and miasma.
You are immune to poison.
Your flesh is very heat resistant. (rF++)
You are vulnerable to cold. (rC-)
You float through the air rather than walking.
You learn spells naturally, not from books.
Your magical power is your life essence.
You have superior vitality. (+4 HP)


Message History

Things that are here:
a +0 giant club; an ogre corpse You now have 121 gold pieces (gained 12).
You now have 134 gold pieces (gained 13).
You now have 151 gold pieces (gained 17).
Found a stone staircase leading down.
An adder and a centaur come into view.
The centaur shouts!
The centaur wields a +0 shortbow.
The centaur shoots an arrow.
The arrow hits you!
The centaur shoots an arrow.
The arrow hits you.
Casting: Ignite Poison (quite dangerous; 19% risk of failure)
Confirm with . or Enter, or press ? or * to list all spells.
Aiming: Poisonous Vapours (safe; 10% risk of failure)
Press: ? - help, Dir - move target, f - centaur
Aim: a centaur, wielding a +0 shortbow and quivering arrows You miscast Poisonous Vapours.
You are very lightly contaminated with residual magic.
Nothing appears to happen.
The centaur shoots an arrow.
The arrow hits you!
Casting: Poisonous Vapours (safe; 10% risk of failure)
Confirm with . or Enter, or press ? or * to list all spells.
Okay, then.
The centaur shoots an arrow.
The arrow hits you!
* * * LOW HITPOINT WARNING * * *
The centaur shoots an arrow.
The arrow hits you.
* * * LOW HITPOINT WARNING * * *
Casting: Poisonous Vapours (safe; 10% risk of failure)
Confirm with . or Enter, or press ? or * to list all spells.
Aiming: Searing Ray (safe; 10% risk of failure)
Press: ? - help, Shift-Dir - straight line, f/p - centaur
Aim: a centaur, wielding a +0 shortbow and quivering arrows (85% to hit)
The searing ray hits the centaur!
The centaur is moderately wounded. (Press . to maintain the ray.)
* * * LOW HITPOINT WARNING * * *
The centaur unwields a +0 shortbow.
The centaur barely misses you. x2
The searing ray hits the centaur.
The centaur is heavily wounded.
* * * LOW HITPOINT WARNING * * *
The centaur hits you.
You die...

# #............
#............
#............ ###
#............
..####..##........
#.#.....##........
#.#.###.##........
#c#.# #.##########
. #@#.# #......#
#.. #.#.# ######.#
.....#.#.# #.#
.S........# #.#
####....### #.#
........ #.#
####.### #.# ..>
#.##### ##..
#......


You could see a centaur.

Vanquished Creatures
  An ogre (D:4)
  A worm (D:2)
  4 dart slugs
  An orc (D:3)
  7 ball pythons
  6 endoplasms
  3 giant cockroaches
  7 hobgoblins
  16 jackals
  2 quokkas
  6 bats
  5 frilled lizards
  7 goblins (D:2)
  5 kobolds
  5 rats
76 creatures vanquished.

Notes
Turn   | Place    | Note
-------+----------+-------------------------------------------
     0 | D:1      | bilbop the Djinni Venom Mage began the quest for the Orb.
     0 | D:1      | Reached XP level 1. HP: 15/15 MP: 0/0
   517 | D:1      | Reached XP level 2. HP: 19/21 MP: 0/0
  1026 | D:1      | Reached XP level 3. HP: 24/26 MP: 0/0
  1026 | D:1      | Learned a level 1 spell: Freeze
  1843 | D:2      | Reached skill level 3 in Spellcasting
  2194 | D:2      | Reached XP level 4. HP: 30/31 MP: 0/0
  2613 | D:2      | Reached skill level 1 in Fighting
  3495 | D:3      | Found a faded altar of an unknown god.
  3525 | D:3      | Found a bloodstained altar of Trog.
  3525 | D:3      | Found a hide-covered altar of Uskayaw.
  3527 | D:3      | Found a shimmering altar of Xom.
  3538 | D:3      | Reached skill level 1 in Shields
  3655 | D:3      | Found an ornate altar of the Wu Jian Council.
  3782 | D:3      | Reached skill level 1 in Invocations
  4042 | D:3      | Found an iron altar of Okawaru.
  4042 | D:3      | Found a sacrificial altar of Ru.
  4043 | D:3      | Found an opulent altar of Gozag.
  4720 | D:3      | Reached XP level 5. HP: 33/37 MP: 0/0
  4720 | D:3      | Learned a level 2 spell: Searing Ray
  4889 | D:4      | Noticed an ogre
  4893 | D:4      | Killed an ogre
  4894 | D:4      | Reached skill level 1 in Short Blades
  4894 | D:4      | Reached XP level 6. HP: 34/43 MP: 0/0
  5060 | D:4      | Slain by a centaur

Illustrated notes

Levels and vault maps discovered:
D:1:      evilmike_arrival_hilbert_curve, layout_basic
D:2:      minmay_skewed_foursquare, layout_basic, grunt_ministairs_13,
          chequers_jeans
D:3:      layout_basic, grunt_temple_overflow_open,
          ebering_ecumenical_altar_mist
D:4:      layout_basic, minmay_temple_entry_glass, minivault_11,
          uniq_crazy_yiuf_cottage, uniq_pikel, uniq_edmund

Skill      XL: |  1  2  3  4  5 |
---------------+----------------+-----
Spellcasting   | 3 |  3.4
Stealth        | 2 |  2.3
Fighting       | 1 |  1.7
Shields        | 1 |  1.5
Invocations    | 1 |  1.5
Short Blades   | 1 |  1.2
Dodging        | |  2.1

Action                   |  1- 3 |  4- 6 || total
-------------------------+-------+-------++-------
Melee: Dagger            |    68 |    54 ||   122
 Cast: Sting             |    34 |    47 ||    81
       Freeze            |     8 |     8 ||    16
       Poisonous Vapours |       |     5 ||     5
       Searing Ray       |       |     2 ||     2
       Ignite Poison     |       |     1 ||     1
 Stab: Sleeping          |     6 |     3 ||     9
Armor: Leather armour    |    17 |    17 ||    34
Dodge: Dodged            |    47 |    66 ||   113

Table legend: (Time is in decaauts)
 A = Elapsed time spent in this place.
 B = Non-inter-level travel time spent in this place.
 C = Inter-level travel time spent in this place.
 D = Time resting spent in this place.
 E = Time spent auto-exploring this place.
 F = Levels seen in this place.
 G = Mean time per level.
                   A        B        C        D        E       F      G
               +--------+--------+--------+--------+--------+-----+--------+
         Total |   5055 |   4874 |    181 |   1150 |   3229 |   4 | 1263.8 |
       Dungeon |   5055 |   4874 |    181 |   1150 |   3229 |   4 | 1263.8 |
               +--------+--------+--------+--------+--------+-----+--------+

Top non-repeatable levels by time:
     D:2: 1870 daAuts
     D:1: 1464 daAuts
     D:3: 1455 daAuts
     D:4: 265 daAuts
